 Dungeon Crawl Stone Soup version 0.28.0 (webtiles) character file.

Game seed: 10494577664197227894

28 shoop the Sneak (level 3, 17/17 HPs)
             Began as a Felid Delver on Feb 15, 2022.
             Quit the game on level 2 of the Dungeon.
             The game lasted 00:03:02 (1222 turns).

shoop the Sneak (Felid Delver)                      Turns: 1222, Time: 00:03:03

Health: 17/17      AC:  1    Str: 10    XL:     3   Next: 0%
Magic:  4/4        EV: 18    Int: 11    God:
Gold:   63         SH:  0    Dex: 17    Spells: 2/2 levels left
                                        Lives:  0   Deaths: 0

rFire   . . .      SeeInvis +     - Unarmed
rCold   . . .      Faith    .   (shield unavailable)
rNeg    . . .      Spirit   .   (armour unavailable)
rPois   .          Reflect  .   (helmet unavailable)
rElec   .          Harm     .   (cloak unavailable)
rCorr   .          Rampage  .   (gloves unavailable)
Will    .....                   (boots unavailable)
Stlth   ++++......              (no amulet)
HPRegen 0.05/turn               (no ring)
MPRegen 0.09/turn               (no ring)

@: quick
A: very small, claws 1, fangs 3, see invisible, speed 1, shaggy fur 1, stealthy
paws, no weapons or thrown items, no armour, multi-lived
a: no special abilities


You were on level 2 of the Dungeon.
You visited 1 branch of the dungeon, and saw 5 of its levels.

You collected 63 gold pieces.

Inventory:

Wands
 e - a wand of digging (3)
Scrolls
 a - a scroll of fog
 b - a scroll of magic mapping
 c - a scroll of fear
 f - a scroll of teleportation {unknown}
 i - a scroll of silence {unknown}
Potions
 d - a potion of haste
 g - a potion of attraction {unknown}
 h - 2 potions of mutation {unknown}
 j - a potion of curing {unknown}


   Skills:
 - Level 3.0 Fighting
 + Level 3.5 Dodging
 - Level 7.0 Stealth
 + Level 2.6 Unarmed Combat


You had 2 spell levels left.
You didn't know any spells.
Your spell library was empty.

Dungeon Overview and Level Annotations

Branches:
Dungeon (5/15)
 Temple: D:4-7

Altars:

Annotations:
D:2 Ijyb
D:5 exclusion: skeleton


Innate Abilities, Weirdness & Mutations

You have sharp claws.
You have razor-sharp teeth.
You have supernaturally acute eyesight. (SInv)
You cover ground quickly. (Speed+)
You are covered in fur. (AC +1)
Your paws help you pounce on unaware monsters.
You are incapable of wielding weapons or throwing items.
You cannot wear armour.
You gain extra lives every three experience levels.


Message History

No target in view!
There is a stone staircase leading down here.
There is an open door here.
There is a dry fountain here.
You enter the shallow water.
Moving in this stuff is going to be slow.
There is an open door here.
There is a faded altar of an unknown god here.
Things that are here:
a +0 club; a -3 hunting sling Done exploring.
(D) Dungeon
Where to? (? - help)
There is a stone staircase leading down here.
You climb downwards.
Level annotation: Ijyb
Found a metallic ruby potion.
There is a stone staircase leading up here.
Key pressed, stopping travel.
Unknown command.
Unknown command.
j - a metallic ruby potion
Found 5 poisoned darts.
Found 2 boomerangs.
An endoplasm comes into view.
You see here a scroll labelled YWUGGEDAIMM.
The endoplasm barely misses you.
You scratch the endoplasm.
You kill the endoplasm!
You have reached level 3!
Your experience leads to an increase in your attributes!
Increase (S)trength, (I)ntelligence, or (D)exterity?
Level annotation: Ijyb Welcome back, shoop the Felid Delver.
Press ? for a list of commands and other information.
You have reached level 3!
Your experience leads to an increase in your attributes!
Increase (S)trength, (I)ntelligence, or (D)exterity?
You feel stronger. x2
Are you sure you want to abandon this character and quit the game? (Confirm with "yes".)

..### .... #.
... # #.# ..#
..
#.###.###..##.#
....(........
..........# #.#
#.#.##@#
#.#.#.#....###
#.#.#.#......#
#.#.#.#...(#.#
#.#.#.?......#
#.#.####.#.#.#
#.#.# #.....#
#<#.####.#.#.#
#..........#.#


There were no monsters in sight!

Vanquished Creatures
  A dart slug (D:1)
  A ball python (D:3)
  2 endoplasms
  3 giant cockroaches (D:1)
  2 goblins
  2 hobgoblins
  2 quokkas (D:1)
  6 bats
  A kobold (D:1)
  3 rats (D:1)
23 creatures vanquished.

Notes
Turn   | Place    | Note
-------+----------+-------------------------------------------
     0 | D:5      | shoop the Felid Delver began the quest for the Orb.
     0 | D:5      | Reached XP level 1. HP: 10/10 MP: 2/2
    46 | D:5      | Identified the +0 helmet "Ivugusm" {Regen+ rCorr Str+3
                  | Slay-3}
   200 | D:2      | Noticed Ijyb
   257 | D:1      | Found a faded altar of an unknown god.
   270 | D:1      | Reached XP level 2. HP: 11/14 MP: 3/3
   741 | D:1      | Reached skill level 7 in Stealth
  1222 | D:2      | Reached XP level 3. HP: 17/17 MP: 4/4
  1222 | D:2      | Quit the game

Illustrated notes

Levels and vault maps discovered:
D:1:      zaba_arrival_water, layout_basic, ebering_ecumenical_altar_rust,
          minmay_tetromino_l4
D:2:      kennysheep_the_goblin_king, layout_loops_ring, grunt_ministairs_9
D:3:      corexii_shack_village, layout_loops_ring, hangedman_decor_push,
          minivault_23, uniq_terence, uniq_grinder
D:4:      layout_cave_pools, minmay_temple_entry_mini_moons,
          gammafunk_ghost_mausoleum, nicolae_wormholes
D:5:      layout_loops_ring, nicolae_ru_the_path_less_chosen, serial_shops,
          nicolae_inconvenience_store

Skill      XL: |  1  2 |
---------------+-------+-----
Dodging        | 3 |  3.5
Stealth        | 7 |  7.0
Fighting       | |  3.0
Unarmed Combat | |  2.6

Action                   || total
-------------------------++-------
Melee: Unarmed           ||    36
       Bite              ||     1
 Stab: Sleeping          ||    17
Armor: Skin              ||     2
Dodge: Dodged            ||    18
